 Dungeon Crawl Stone Soup version 0.30-a0-439-g9e77e4d916 (webtiles) character file.

Game seed: 16768886166543237094

17420 AigisTheKnight the Geomancer (level 12, -2/76 HPs)
             Began as a Gargoyle Earth Elementalist on Dec 11, 2022.
             Was a High Priest of the Shining One.
             Slain by a small abomination (9 damage)
             ... on level 2 of the Abyss.
             The game lasted 00:30:23 (12334 turns).

AigisTheKnight the Geomancer (GrEE)                Turns: 12334, Time: 00:30:23

Health: -2/76      AC: 15    Str: 13    XL:     12   Next: 47%
Magic:  7/24       EV: 22    Int: 20    God:    the Shining One [*****.]
Gold:   612        SH:  0    Dex: 10    Spells: 17/27 levels left

rFire   . . .      SeeInvis .    m - +1 dagger (venom)
rCold   . . .      Faith    .    (no shield)
rNeg    + + +      Spirit   .    N - +2 robe {Archmagi}
rPois   ∞          Reflect  .    (no helmet)
rElec   +          Harm     .    t - +1 cloak {Will+}
rCorr   .          Rampage  .    (no gloves)
Will    +....      Archmagi +    u - +0 pair of boots
Stlth   +.........               (no amulet)
HPRegen 0.32/turn                h - +4 ring of evasion
MPRegen 0.19/turn                i - +4 ring of evasion

@: glowing
A: sickness immunity, AC +8, negative energy resistance 1, electricity
resistance, torment resistance 1, petrification resistance, [deformed body]
a: Renounce Religion, Divine Shield, Cleansing Flame, Summon Divine Warrior


You were on level 2 of the Abyss.
You worshipped the Shining One.
The Shining One was extremely pleased with you.
You visited 2 branches of the dungeon, and saw 12 of its levels.
You visited the Abyss 1 time.

You collected 612 gold pieces.

Inventory:

Hand Weapons
 m - a +1 dagger of venom (weapon)
 K - a +1 longbow of flaming
Missiles
 O - a throwing net
Armour
 a - a +0 robe
 t - a +1 cloak of willpower (worn)
 u - a +0 pair of boots (worn)
 J - a +3 chain mail
 N - a +2 robe of the Archmagi (worn)
 P - the +4 skin of Zhor {*Englaciate rC+++ SInv}
   (You found it on level 11 of the Dungeon)

   It radiates cold, occasionally slowing all nearby creatures who are not
   resistant to cold.
   rC:        It renders you almost immune to cold.
   SInv:      It lets you see invisible.
Jewellery
 h - a +4 ring of evasion (left hand)
 i - a +4 ring of evasion (right hand)
 v - a ring of magical power
 H - a +6 ring of dexterity
 L - a ring of fire
Wands
 y - a wand of charming (1)
 A - a wand of flame (28) (quivered)
 I - a wand of roots (7)
Scrolls
 d - 7 scrolls of identify
 g - 5 scrolls of poison
 k - a scroll of enchant armour {unknown}
 n - a scroll of fog {unknown}
 o - 2 scrolls of torment {unknown}
 p - 4 scrolls of noise
 q - a scroll of silence {unknown}
 s - a scroll of summoning {unknown}
 x - 3 scrolls of teleportation
 z - 2 scrolls of vulnerability {unknown}
 B - a scroll of amnesia {unknown}
 D - 3 scrolls of enchant weapon {unknown}
 G - 3 scrolls of fear {unknown}
 M - 2 scrolls of immolation {unknown}
Potions
 b - 3 potions of magic
 c - 2 potions of lignification
 e - 2 potions of berserk rage {unknown}
 j - 4 potions of might
 l - 3 potions of ambrosia {unknown}
 r - a potion of flight {unknown}
 w - 2 potions of haste {unknown}
 C - 2 potions of brilliance {unknown}
 E - 3 potions of mutation {unknown}
 F - 5 potions of curing


   Skills:
 + Level 9.5 Fighting
 - Level 5.2 Armour
 + Level 7.7 Dodging
 - Level 2.1 Stealth
 + Level 8.4 Spellcasting
 + Level 4.0 Conjurations
 - Level 7.0 Translocations
 - Level 0.7 Transmutations
 + Level 11.2 Earth Magic


You had 17 spell levels left.
You knew the following spells:

 Your Spells              Type           Power      Damage    Failure   Level
a - Sandblast             Erth           100%       2d20      1%          1
b - Stone Arrow           Conj/Erth      100%       3d13      1%          3
c - Passwall              Tmut/Erth      40%        N/A       1%          2
d - Passage of Golubria   Tloc           53%        N/A       4%          4

Your spell library contained the following spells:

 Spells                   Type           Power      Damage    Failure   Level
 Petrify                  Tmut/Erth      48%        N/A       7%          4
 Freeze                   Ice            48%        1d6       9%          1
 Hailstorm                Conj/Ice       24%        3d7       11%         3
 Frozen Ramparts          Ice            24%        1d4       24%         3
 Ice Form                 Ice/Tmut       14%        N/A       56%         4
 Anguish                  Hex/Necr       6%         N/A       63%         4
 Summon Ice Beast         Ice/Summ       12%        N/A       63%         4
 Silence                  Hex/Air        6%         N/A       92%         5
 Enfeeble                 Hex            6%         N/A       100%        7
 Lehudib's Crystal Spear  Conj/Erth      27%        10d7      100%        8


Dungeon Overview and Level Annotations

Branches:
Dungeon (11/15)            Temple (1/1) D:6            Lair (0/5) D:10
    Orc (0/2) D:10

Altars:
Ashenzari
Cheibriados
Dithmenos
Elyvilon
Fedhas
Gozag
Hepliaklqana
Kikubaaqudgha
Makhleb
Nemelex Xobeh
Okawaru
Qazlal
Ru
Sif Muna
Trog
Uskayaw
Vehumet
Wu Jian
Xom
Yredelemnul
Zin
The Shining One

Shops:
D:2 [

Annotations:
D:9 4 transporters


Innate Abilities, Weirdness & Mutations

You are immune to sickness and miasma.
Your stone body is resilient. (AC +8)
You are immune to poison.
You resist negative energy. (rN+)
You are resistant to electric shocks. (rElec)
You are resistant to unholy torment.
You are immune to petrification.
[Armour fits poorly on your strangely shaped body.]


Message History

Unknown command.
Casting: Sandblast (safe; 1% risk of failure)
Confirm with . or Enter, or press ? or * to list all spells.
Okay, then.
The small abomination hits you but does no damage.
A large abomination comes into view.
A starspawn tentacle comes into view.
The starspawn tentacle closely misses you.
A starspawn tentacle comes into view.
Unknown command.
A wretched star comes into view.
The large abomination hits you but does no damage.
Unknown command.
The large abomination hits you but does no damage.
The wretched star pulses with an eldritch light!
Your body twists and deforms.
The smoke demon is engulfed in blazing flames.
Unknown command.
The large abomination completely misses you.
The small abomination attacks as you move away!
The small abomination closely misses you.
The small abomination hits you but does no damage.
The large abomination closely misses you.
The starspawn tentacle grabs you. The starspawn tentacle constricts you.
You escape the starspawn tentacle's grasp.
The small abomination attacks as you move away!
The small abomination barely misses you.
A tentacle flies out from the starspawn's body!
A starspawn tentacle comes into view.
A wretched star comes into view.
The small abomination barely misses you.
The small abomination attacks as you move away!
The small abomination hits you!
* * * LOW HITPOINT WARNING * * *
The small abomination attacks as you move away!
The small abomination barely misses you.
The small abomination misses you.
The small abomination attacks as you move away!
The small abomination hits you!
You die...

... ... #..# ..#
##..## ... #.#
....##.##.
####.##.#... ..#
##........#...#
.....##..#..## ## #
#.....*...# .. #.#
###..##.*###.##
...#####..##.xXx@...#
##...#
..X.3#.#####.....
..##...##.#.... .#. .
.─.. #3....##
#.│##X.# #..##
..w#....#....# .. V
....... ##.☼# ..##.#.
#.x#...#. ..


You could see a tentacled starspawn, 2 wretched stars, a large abomination, a
smoke demon and 2 small abominations.

Vanquished Creatures
  Erica (D:9)
  2 two-headed ogres
  A sun demon (Abyss:2)
  A wizard (D:10)
  An orc sorcerer (D:10)
  A cyclops (D:11)
  A manticore (D:11)
  2 smoke demons (Abyss:2)
  An orange demon (Abyss:2)
  A gargoyle (D:10)
  A kobold demonologist (D:11)
  5 rime drakes
  Psyche (D:9)
  2 polar bears (D:10)
  7 raiju (Abyss:2)
  A shadow (D:11)
  A vampire (D:7)
  9 yaks
  2 wyverns
  2 fire bats (Abyss:2)
  A fire elemental (Abyss:2)
  2 ynoxinuls (Abyss:2)
  2 wraiths (D:10)
  2 vampire mosquitoes (D:11)
  2 steam dragons
  A two-headed ogre zombie (D:10)
  A large abomination (Abyss:2)
  An acid dragon (D:11)
  3 water moccasins
  4 orc warriors
  6 ice beasts
  2 sky beasts
  2 black bears (D:6)
  2 ogres (D:4)
  2 wolves (D:10)
  3 centaurs
  2 kobold brigands (D:8)
  7 bullfrogs
  A necrophage (D:4)
  2 scorpions
  3 small abominations (Abyss:2)
  2 troll zombies (D:10)
  7 killer bees
  7 howler monkeys
  4 hounds
  6 starcursed masses (Abyss:2)
  Crazy Yiuf (D:3)
  An orc priest (D:8)
  2 gnoll boudas (D:6)
  3 iguanas
  Ijyb (D:3)
  3 orc wizards
  2 ogre zombies (D:10)
  6 adders
  15 gnolls
  2 shadow imps
  2 white imps
  4 ufetubi
  15 orcs
  7 bats
  6 endoplasms
  3 giant cockroaches
  11 hobgoblins
  2 quokkas (D:1)
  5 ball pythons
  A frilled lizard (D:3)
  9 goblins
  3 goblin zombies (D:10)
  A hobgoblin skeleton (D:10)
  A hobgoblin zombie (D:10)
  11 kobolds
  An orc skeleton (D:10)
  12 orc zombies (D:10)
  A rat (D:1)
251 creatures vanquished.

Vanquished Creatures (others)
  A troll (D:10)
  A small abomination (Abyss:2)
  A kobold (D:8)
  A plant (D:5)
  6 starspawn tentacles (Abyss:2)
10 creatures vanquished.

Grand Total: 261 creatures vanquished

Notes
Turn   | Place    | Note
-------+----------+-------------------------------------------
     0 | D:1      | AigisTheKnight the Gargoyle Earth Elementalist began the
                  | quest for the Orb.
     0 | D:1      | Reached XP level 1. HP: 10/10 MP: 3/3
   315 | D:1      | Reached XP level 2. HP: 16/16 MP: 3/5
   632 | D:1      | Reached skill level 1 in Fighting
   737 | D:1      | Reached skill level 4 in Earth Magic
   953 | D:2      | Reached XP level 3. HP: 20/20 MP: 4/6
  1114 | D:2      | Found Ahon's Armour Boutique.
  1460 | D:3      | Noticed Ijyb
  1508 | D:3      | Found a runed translucent door.
  1509 | D:3      | Noticed Crazy Yiuf
  1520 | D:3      | Killed Crazy Yiuf
  1521 | D:3      | Reached XP level 4. HP: 18/26 MP: 3/7
  1809 | D:3      | Found a white marble altar of Elyvilon.
  1822 | D:3      | Became a worshipper of Elyvilon the Healer
  1929 | D:3      | Learned a level 3 spell: Stone Arrow
  1932 | D:3      | Learned a level 2 spell: Passwall
  1960 | D:3      | Killed Ijyb
  2123 | D:4      | Noticed an ogre
  2167 | D:4      | Noticed a necrophage
  2171 | D:4      | Killed a necrophage
  2172 | D:4      | Reached XP level 5. HP: 31/31 MP: 5/9
  2203 | D:4      | Reached * piety under Elyvilon
  2249 | D:4      | Reached skill level 1 in Translocations
  2318 | D:5      | Entered Level 5 of the Dungeon
  2318 | D:5      | Noticed a water moccasin
  2320 | D:5      | Killed a water moccasin
  2321 | D:5      | Reached skill level 5 in Earth Magic
  2321 | D:5      | Reached XP level 6. HP: 36/36 MP: 7/10
  2363 | D:5      | Noticed a water moccasin
  2366 | D:5      | Killed a water moccasin
  2435 | D:5      | Reached XP level 7. HP: 41/41 MP: 8/12
  2485 | D:5      | Found a hazy altar of Hepliaklqana.
  2849 | D:5      | Reached ** piety under Elyvilon
  3816 | D:6      | Reached skill level 6 in Earth Magic
  3820 | D:6      | Reached XP level 8. HP: 48/48 MP: 7/14
  4568 | D:6      | Reached *** piety under Elyvilon
  4639 | D:6      | Found an opulent altar of Gozag.
  4639 | D:6      | Found a radiant altar of Vehumet.
  4639 | D:6      | Found a snail-covered altar of Cheibriados.
  5019 | D:6      | Reached skill level 5 in Fighting
  5165 | D:6      | Found a staircase to the Ecumenical Temple.
  5174 | Temple   | Entered the Ecumenical Temple
  5196 | Temple   | Fell from the grace of Elyvilon
  5196 | Temple   | Became a worshipper of the Shining One
  5196 | Temple   | Reached * piety under the Shining One
  5325 | D:7      | Noticed a wyvern
  5333 | D:6      | Reached skill level 7 in Earth Magic
  5373 | D:7      | Killed a wyvern
  5374 | D:7      | Reached skill level 5 in Spellcasting
  5374 | D:7      | Reached XP level 9. HP: 37/54 MP: 0/16
  5818 | D:7      | Found a broken altar of Ashenzari.
  5858 | D:7      | Found an ancient bone altar of Kikubaaqudgha.
  6574 | D:8      | Reached ** piety under the Shining One
  6587 | D:8      | Reached skill level 5 in Dodging
  6740 | D:8      | Reached skill level 8 in Earth Magic
  6928 | D:8      | Reached skill level 5 in Translocations
  7107 | D:8      | Reached XP level 10. HP: 61/61 MP: 16/19
  7533 | D:9      | Noticed a two-headed ogre
  7541 | D:9      | Killed a two-headed ogre
  7542 | D:9      | Reached skill level 1 in Armour
  7881 | D:9      | Found a transporter.
  7883 | D:9      | Found a transporter.
  8044 | D:9      | Noticed Erica
  8066 | D:9      | Killed Erica
  8067 | D:9      | Reached skill level 9 in Earth Magic
  8278 | D:9      | Noticed Psyche
  8287 | D:9      | Killed Psyche
  8388 | D:9      | Found a transporter.
  8565 | D:9      | Found a transporter.
  8776 | D:10     | Entered Level 10 of the Dungeon
  8839 | D:10     | Noticed a two-headed ogre
  8848 | D:10     | Reached XP level 11. HP: 29/68 MP: 6/21
  8977 | D:10     | Killed a two-headed ogre
  9082 | D:10     | Noticed an orc sorcerer
  9348 | D:11     | Found the +4 skin of Zhor {*Englaciate rC+++ SInv}
  9600 | D:11     | Noticed a manticore
  9600 | D:11     | Reached *** piety under the Shining One
  9981 | D:11     | Noticed a cyclops
  9986 | D:11     | Killed a manticore
  9987 | D:11     | Reached skill level 10 in Earth Magic
 10002 | D:11     | Killed a cyclops
 10328 | D:11     | Reached skill level 5 in Armour
 11065 | D:9      | Learned a level 4 spell: Passage of Golubria
 11087 | D:10     | Found a staircase to the Orcish Mines.
 11183 | D:10     | Paralysed by an orc sorcerer for 2 turns
 11281 | D:10     | Killed an orc sorcerer
 11281 | D:10     | Reached **** piety under the Shining One
 11282 | D:10     | Reached skill level 1 in Conjurations
 11395 | D:10     | Found a staircase to the Lair.
 11464 | D:10     | Reached XP level 12. HP: 18/75 MP: 0/23
 11470 | D:10     | Noticed a two-headed ogre
 11518 | Abyss:2  | Cast into level 2 of the Abyss (a wizard)
 11597 | Abyss:2  | Noticed a tentacled starspawn
 11612 | Abyss:2  | Noticed a yellow draconian annihilator
 11657 | Abyss:2  | Reached ***** piety under the Shining One
 11724 | Abyss:2  | Noticed a bone dragon
 11737 | Abyss:2  | Noticed a tentacled starspawn
 11754 | Abyss:2  | Noticed a starcursed mass
 11762 | Abyss:2  | Reached skill level 11 in Earth Magic
 11847 | Abyss:2  | Found a corrupted altar of Lugonu.
 11998 | Abyss:2  | Noticed a starcursed mass
 12014 | Abyss:2  | Noticed a thrashing horror
 12201 | Abyss:2  | Noticed a dread lich
 12202 | Abyss:2  | Paralysed by a dread lich for 2 turns
 12205 | Abyss:2  | Noticed a sun demon
 12208 | Abyss:2  | Killed a sun demon
 12264 | Abyss:2  | Noticed a tentacled starspawn
 12320 | Abyss:2  | Noticed a wretched star
 12328 | Abyss:2  | Noticed a wretched star
 12334 | Abyss:2  | Slain by a small abomination

Illustrated notes

Levels and vault maps discovered:
D:1:      matt_arrival_spirals, layout_loops_ring
D:2:      layout_basic, serial_shops,
          nicolae_shop_temple_entry_statues_fountains
D:3:      layout_basic, mainiacjoe_overflow_cross_hatched,
          uniq_crazy_yiuf_cottage, uniq_ijyb
D:4:      layout_basic, sigmund_army
D:5:      layout_basic, nicolae_hepliaklqana_hazy_memory, fountainhead
D:6:      layout_loops_corners, gammafunk_temple_overflow_claw,
          minmay_temple_entry_butterflies
D:7:      layout_cave_pods, kiku_gazebo_pond_becter,
          nicolae_ashenzari_panopticon, feat_on_display
D:8:      layout_loops_ring, kennysheep_generic_room_11
D:9:      layout_rooms, nicolae_transporter_circle, uniq_erica, uniq_psyche
D:10:     minmay_smoke_and_mirrors, layout_loops_ring, hellmonk_lair_entry_icy,
          zombieorc2_lemuel, minmay_misc_feat_tiny
D:11:     layout_stronghold, hellmonk_guarded_unrand_zhor
Temple:   minmay_freezing_vapour_temple
Abyss:2:  base: D:4, evilmike_abyss_exit_kraken, hangedman_decor_points

Skill      XL: |  1  2  3  4  5  6  7  8  9 10 11 12 |
---------------+-------------------------------------+-----
Fighting       | 1 2 3 4 5 6 7 8 9 |  9.5
Earth Magic    | 4 5 6 7 8 9 10 11 | 11.2
Dodging        | 2 3 4 5 6 7 |  7.7
Spellcasting   | 3 4 5 6 7 8 |  8.4
Translocations | 1 2 4 5 6 7 |  7.0
Armour         | 3 5 |  5.2
Conjurations   | 2 4 |  4.0
Stealth        | |  2.1
Transmutations | |  0.7

Action                   |  1- 3 |  4- 6 |  7- 9 | 10-12 || total
-------------------------+-------+-------+-------+-------++-------
Melee: Unarmed           |     3 |       |       |       ||     3
       Dagger            |    32 |     7 |   193 |   138 ||   370
       Punch             |       |       |     3 |     4 ||     7
 Fire: Longbow           |       |       |       |    20 ||    20
 Cast: Sandblast         |    29 |    38 |    85 |   141 ||   293
       Stone Arrow       |       |       |    41 |   120 ||   161
       Passage of Golubr |       |       |       |     8 ||     8
Invok: Divine Shield     |       |       |       |     2 ||     2
Evoke: Wand              |       |       |     8 |     4 ||    12
  Use: Scroll            |       |       |     1 |     7 ||     8
       Potion            |       |       |     1 |     7 ||     8
 Stab: Sleeping          |     1 |       |     3 |       ||     4
Armor: Robe              |    18 |     6 |    58 |   139 ||   221
       Animal skin       |       |       |       |     7 ||     7
Dodge: Dodged            |    37 |    35 |   309 |   573 ||   954
Block: Other             |       |       |       |    14 ||    14

Table legend: (Time is in decaauts)
 A = Elapsed time spent in this place.
 B = Non-inter-level travel time spent in this place.
 C = Inter-level travel time spent in this place.
 D = Time resting spent in this place.
 E = Time spent auto-exploring this place.
 F = Levels seen in this place.
 G = Mean time per level.
                   A        B        C        D        E       F      G
               +--------+--------+--------+--------+--------+-----+--------+
         Total |  12501 |  11919 |    582 |   1820 |   7721 |  13 |  961.6 |
       Dungeon |  11649 |  11077 |    572 |   1396 |   7710 |  11 | 1059.0 |
        Temple |     27 |     17 |     10 |      0 |     11 |   1 |   27.0 |
         Abyss |    824 |    824 |      0 |    424 |      0 |   1 |  824.0 |
               +--------+--------+--------+--------+--------+-----+--------+

Top non-repeatable levels by time:
    D:11: 1820 daAuts
     D:6: 1534 daAuts
     D:9: 1244 daAuts
     D:7: 1177 daAuts
     D:8: 1138 daAuts
     D:4: 971 daAuts
     D:1: 962 daAuts
    D:10: 878 daAuts
 Abyss:2: 824 daAuts
     D:3: 773 daAuts
     D:5: 698 daAuts
     D:2: 449 daAuts
  Temple: 27 daAuts
